 Dungeon Crawl Stone Soup version 0.29.0-4-gdea44cf6ec (webtiles) character file.

Game seed: 2794961669834257500

73 qw the Chopper (level 4, -3/26 HPs)
             Began as a Tengu Warper on Aug 28, 2022.
             Slain by a gnoll
             ... wielding a +0 spear
              (6 damage)
             ... on level 2 of the Dungeon.
             The game lasted 00:00:09 (1656 turns).

qw the Chopper (Tengu Warper)                       Turns: 1656, Time: 00:00:09

Health: -3/26      AC:  9    Str: 14    XL:     4   Next: 27%
Magic:  8/8        EV: 11    Int: 11    God:
Gold:   75         SH:  0    Dex: 19    Spells: 7/7 levels left

rFire   + . .      SeeInvis .   Y - +0 hand axe (flame)
rCold   . . .      Faith    .   (no shield)
rNeg    . . .      Spirit   .   l - +0 ring mail
rPois   .          Reflect  .   (helmet restricted)
rElec   .          Harm     .   (no cloak)
rCorr   .          Rampage  .   (no gloves)
Will    .....                   (boots unavailable)
Stlth   +.........              (no amulet)
HPRegen 0.08/turn               f - +4 ring of protection
MPRegen 0.11/turn               m - +6 ring of dexterity

@: no status effects
A: beak, talons 3, dopey 1, fire resistance 1
a: no special abilities


You were on level 2 of the Dungeon.
You visited 1 branch of the dungeon, and saw 2 of its levels.

You collected 75 gold pieces.


Innate Abilities, Weirdness & Mutations

You have a beak for a mouth.
You have claws for feet.
You are dopey. (Int -2)
Your flesh is heat resistant. (rF+)


   Skills:
 - Level 2.0 Fighting
 + Level 4.9 Axes
 - Level 1.0 Throwing
 - Level 1.1 Armour
 - Level 2.1 Dodging
 - Level 2.0 Spellcasting
 - Level 2.4 Translocations


You had 7 spell levels left.
You didn't know any spells.
Your spell library contained the following spells:

 Spells                   Type           Power      Damage    Failure   Level
 Blink                    Tloc           12%        N/A       34%         2
 Gell's Gravitas          Tloc           6%         N/A       56%         3
 Lesser Beckoning         Tloc           6%         N/A       56%         3
 Teleport Other           Tloc           6%         N/A       56%         3
 Manifold Assault         Tloc           6%         N/A       99%         5

Inventory:

Hand Weapons
 Y - a +0 hand axe of flaming (weapon)
Armour
 l - a +0 ring mail (worn)
Jewellery
 f - a +4 ring of protection (left hand)
 m - a +6 ring of dexterity (right hand)
Potions
 a - a potion of attraction {unknown}
 g - a potion of haste
 h - a potion of heal wounds {unknown}
 j - a potion of flight {unknown}
 k - a potion of mutation
 n - a potion of degeneration {unknown}
 o - a potion of might {unknown}

Dungeon Overview and Level Annotations

Branches:
Dungeon (2/15)

Altars:


Message History

You hit the gnoll. You burn the gnoll. You claw the gnoll.
The gnoll is heavily wounded.
The gnoll hits you but does no damage.
The gnoll hits you from afar with a +0 spear.
You hit the gnoll but do no damage.
The gnoll is heavily wounded.
You hit the gnoll but do no damage. The gnoll hits you but does no damage.
The gnoll barely misses you. The gnoll hits you but does no damage.
You hit the gnoll but do no damage. Your kick misses the gnoll.
You peck the gnoll.
The gnoll is heavily wounded.
You hit the gnoll. You burn the gnoll. The gnoll barely misses you.
The gnoll misses you. The gnoll hits you but does no damage.
You hit the gnoll but do no damage. You claw the gnoll.
The gnoll is almost dead.
You closely miss the gnoll. The gnoll hits you with a +0 flail.
The gnoll hits you with a +0 whip. The gnoll hits you but does no damage.
You closely miss the gnoll. You claw the gnoll.
You kill the gnoll!
You hit the gnoll. You burn the gnoll.
The gnoll hits you from afar with a +0 spear.
You have reached level 4!
You feel stronger.
You hit the gnoll but do no damage. You claw the gnoll.
The gnoll is almost dead.
The gnoll completely misses you. The gnoll barely misses you.
The gnoll closely misses you. The gnoll barely misses you.
You hit the gnoll but do no damage. You claw the gnoll.
You kill the gnoll!
The gnoll hits you from afar with a +0 spear.
The gnoll hits you but does no damage.
You hit the gnoll. You burn the gnoll.
The gnoll is moderately wounded.
The gnoll hits you with a +0 spear.
You hit the gnoll but do no damage. Your peck misses the gnoll.
The gnoll is moderately wounded.
The gnoll hits you with a +0 spear.
You die...

#.##.# #.##.##
#.##..# #.###.#
#.# #.## # #..#
#.###.#.#.#
#$g@......#
....(...)..##.#
########...# ##
##$..# #..##
#..# #..# ..#


You could see a gnoll.

Vanquished Creatures
  2 gnolls (D:2)
  2 worms (D:2)
  2 dart slugs (D:1)
  An orc (D:2)
  5 ball pythons (D:1)
  2 endoplasms
  A giant cockroach (D:1)
  3 goblins
  7 hobgoblins
  2 jackals (D:1)
  A quokka (D:1)
  3 bats
  A frilled lizard (D:1)
  4 kobolds
  5 rats
41 creatures vanquished.

Notes
Turn   | Place    | Note
-------+----------+-------------------------------------------
     0 | D:1      | qw the Tengu Warper began the quest for the Orb.
     0 | D:1      | Reached XP level 1. HP: 12/12 MP: 4/4
     0 | D:1      | 0 ||| qw: Version: 0.1-a-89-g26bdef1
     0 | D:1      | 0 ||| qw: Game counter: 1373
     0 | D:1      | 0 ||| qw: Always use a shield: true
     0 | D:1      | 0 ||| qw: God list: Okawaru
     0 | D:1      | 0 ||| qw: Allow faded altars: false
     0 | D:1      | 0 ||| qw: Do Orc after D:15 true
     0 | D:1      | 0 ||| qw: Do second Lair branch before Depths: true
     0 | D:1      | 0 ||| qw: Lair rune preference: random
     0 | D:1      | 0 ||| qw: Plans: Normal
     0 | D:1      | 0 ||| PLANNING D:1-11
   112 | D:1      | Reached skill level 3 in Axes
   112 | D:1      | Reached XP level 2. HP: 15/17 MP: 6/6
   158 | D:1      | 158 ||| Stepping ~*~*~tactically~*~*~ (hiding).
   489 | D:1      | Found a faded altar of an unknown god.
   570 | D:1      | Reached XP level 3. HP: 16/21 MP: 7/7
   866 | D:1      | Reached skill level 4 in Axes
   943 | D:1      | 943 ||| Stepping ~*~*~tactically~*~*~ (stealth).
  1205 | D:1      | 1205 ||| UPGRADING to +0 ring mail.
  1215 | D:1      | 1215 ||| DROPPING +0 leather armour.
  1216 | D:1      | 1216 ||| UPGRADING to +4 ring of protection.
  1217 | D:1      | 1217 ||| UPGRADING to +6 ring of dexterity.
  1218 | D:1      | 1218 ||| READING scroll labelled WERGHO DYZI.
  1219 | D:1      | 1219 ||| READING scroll labelled UTYDYA JONINE.
  1220 | D:1      | 1220 ||| DROPPING +0 club.
  1221 | D:1      | 1221 ||| DRINKING 2 pink potions.
  1222 | D:1      | 1222 ||| DRINKING 2 puce potions.
  1222 | D:1      | Gained mutation: You are dopey. (Int -2) [potion of
                  | mutation]
  1222 | D:1      | Gained mutation: Your flesh is heat resistant. (rF+)
                  | [potion of mutation]
  1223 | D:1      | 1223 ||| DROPPING scroll of blinking.
  1291 | D:2      | 1291 ||| STAIRDANCE
  1352 | D:2      | 1352 ||| Stepping ~*~*~tactically~*~*~ (stealth).
  1356 | D:2      | 1356 ||| Stepping ~*~*~tactically~*~*~ (stealth).
  1463 | D:2      | 1463 ||| Stepping ~*~*~tactically~*~*~ (stealth).
  1465 | D:2      | 1465 ||| Stepping ~*~*~tactically~*~*~ (stealth).
  1651 | D:2      | HP: 5/21 [gnoll/+0 spear (3)]
  1652 | D:2      | Reached XP level 4. HP: 7/26 MP: 8/8
  1656 | D:2      | Slain by a gnoll

Levels and vault maps discovered:
D:1:      amcnicky_arrival_double_pillar, layout_basic, basic_ecumenical_altar
D:2:      layout_loops_ring

Skill      XL: |  1  2  3 |
---------------+----------+-----
Axes           | 3 4 |  4.9
Fighting       | |  2.0
Throwing       | |  1.0
Armour         | |  1.1
Dodging        | |  2.1
Spellcasting   | |  2.0
Translocations | |  2.4

Action                   |  1- 3 |  4- 6 || total
-------------------------+-------+-------++-------
Melee: Hand axe          |    95 |     4 ||    99
       Kick              |    25 |     2 ||    27
       Peck              |    14 |       ||    14
Throw: Boomerang         |     7 |       ||     7
  Use: Scroll            |     2 |       ||     2
       Potion            |     2 |       ||     2
Armor: Leather armour    |    13 |       ||    13
       Ring mail         |    12 |     1 ||    13
Dodge: Dodged            |    30 |     4 ||    34

Table legend:
 A = Non-vault XP
 B = Vault XP
 C = Vault XP percentage of total XP
 D = Non-vault monster count
 E = Vault monster count
 F = Vault count percentage of total count
                 A         B        C        D         E       F
            +---------+---------+-------+---------+---------+-------
      Total |     105 |       0 |   0.0 |      41 |       0 |   0.0
            +---------+---------+-------+---------+---------+-------
        D:1 |      53 |       0 |   0.0 |      29 |       0 |   0.0
        D:2 |      52 |       0 |   0.0 |      12 |       0 |   0.0
            +---------+---------+-------+---------+---------+-------
